 Dungeon Crawl Stone Soup version 0.21-a0-113-g6841d05 (webtiles) character file.

46124 meatball the Grappler (level 14, -4/143 HPs)
             Began as a Troll Monk on July 10, 2017.
             Was a High Priest of Makhleb.
             Slain by a nine-headed hydra (9 damage)
             ... on level 6 of the Lair of Beasts on July 13, 2017.
             The game lasted 02:17:25 (14425 turns).

meatball the Grappler (Troll Monk)                 Turns: 14425, Time: 02:17:28

Health: -4/143     AC:  5    Str: 30    XL:     14   Next: 3%
Magic:  22/22      EV: 10    Int:  6    God:    Makhleb [*****.]
Gold:   1045       SH: 18    Dex: 12    Spells: 13/13 levels left

rFire    . . .     SeeInvis .     - Unarmed
rCold    . . .     Gourm    +   I - +1 large shield
rNeg     . . .     Faith    .   a - +0 robe
rPois    .         Spirit   .   Y - +0 hat
rElec    .         Reflect  .   (no cloak)
rCorr    .         Harm     .   (gloves unavailable)
MR       +....                  (boots unavailable)
Stlth    ++........             A - amulet of rage
HPRegen  0.73/turn              U - +4 ring of strength
MPRegen  0.18/turn              E - +4 ring of slaying

@: no status effects
A: unfitting armour, claws 3, fast metabolism 3, gourmand, regeneration 1,
shaggy fur 1, tough skin 2
a: Minor Destruction, Lesser Servant of Makhleb, Major Destruction, Greater
Servant of Makhleb, Renounce Religion, Evoke Berserk Rage


You were on level 6 of the Lair of Beasts.
You worshipped Makhleb.
Makhleb was extremely pleased with you.
You were completely stuffed.

You visited 3 branches of the dungeon, and saw 17 of its levels.

You collected 1058 gold pieces.
You spent 13 gold pieces at shops.

Inventory:

Missiles
 y - a throwing net (quivered)
 B - 4 large rocks
Armour
 a - a +0 robe (worn)
 I - a +1 large shield (worn)
 Y - a +0 hat (worn)
Jewellery
 r - a +2 ring of intelligence {unknown}
 v - a cursed -2 ring of slaying
 w - an uncursed ring of stealth
 A - an amulet of rage (around neck)
 E - a +4 ring of slaying (right claw)
 L - an uncursed ring of poison resistance
 P - an uncursed ring of ice
 T - a +3 ring of slaying
 U - a +4 ring of strength (left claw)
 W - an uncursed ring of see invisible
 X - a +4 amulet of reflection {unknown}
Wands
 g - a wand of confusion (15/48)
 i - a wand of acid (10/15)
 t - a wand of paralysis (13/24)
 u - a wand of flame (17/48)
 D - a wand of polymorph (12/24)
 H - a wand of clouds (5/9)
 N - a wand of lightning (7/15)
 R - a wand of iceblast (8/15)
Scrolls
 d - a scroll of recharging {unknown}
 l - 6 scrolls of remove curse
 m - 7 scrolls of identify
 n - a scroll of vulnerability {unknown}
 o - 3 scrolls of fear
 q - a scroll of fog
 s - a scroll of silence {unknown}
 x - a scroll of immolation {unknown}
 z - 2 scrolls of teleportation
 F - a scroll of holy word {unknown}
 M - 4 scrolls of magic mapping
 Q - a scroll of enchant armour
Potions
 c - a potion of mutation {unknown}
 e - 4 potions of agility
 h - 5 potions of lignification
 k - 6 potions of curing
 p - 3 potions of flight
 G - a potion of heal wounds
 J - 2 potions of brilliance {unknown}
 O - a potion of might {unknown}
 S - a potion of haste {unknown}
 V - a potion of invisibility {unknown}
Miscellaneous
 C - a phial of floods
Comestibles
 b - 12 bread rations
 f - 14 fruits
 j - 6 meat rations
 K - 10 royal jellies
 Z - 2 chunks of flesh


   Skills:
 - Level 10.0 Fighting
 - Level 7.0 Dodging
 - Level 1.0 Stealth
 + Level 6.8 Shields
 - Level 13.0 Unarmed Combat
 - Level 12.0 Invocations
 - Level 3.2 Evocations


You had 13 spell levels left.
You didn't know any spells.

Dungeon Overview and Level Annotations

Branches:
Dungeon (10/15)            Temple (1/1) D:4            Lair (6/6) D:10
 Shoals (0/4) Lair:4        Snake (0/4) Lair:3        Slime (0/5) Lair:5
    Orc (0/2) D:9

Altars:
Ashenzari
Cheibriados
Dithmenos
Elyvilon
Fedhas
Gozag
Hepliaklqana
Kikubaaqudgha
Makhleb
Nemelex Xobeh
Okawaru
Qazlal
Ru
Sif Muna
Trog
Uskayaw
Vehumet
Wu Jian
Xom
Yredelemnul
Zin
The Shining One

Shops:
D:6 !   D:8 ?   D:9 !   D:10 !


Innate Abilities, Weirdness & Mutations

You are too large for most types of armour.
You have claws for hands.
Your metabolism is lightning-fast.
You like to eat raw meat.
Your natural rate of healing is unusually fast.
You are covered in fur. (AC +1)
You have very tough skin. (AC +2)


Message History

The glob of acid hits the death yak.
The death yak is splashed with acid.
The acid corrodes the death yak!
The death yak is lightly wounded.
The death yak is splashed with acid.
The acid corrodes the death yak!
The death yak closely misses you. The death yak gores you!!
You block the nine-headed hydra's attack. x2
The nine-headed hydra bites you!
* * * LOW HITPOINT WARNING * * *
The nine-headed hydra bites you.
* * * LOW HITPOINT WARNING * * *
The nine-headed hydra bites you!
* * * LOW HITPOINT WARNING * * *
The nine-headed hydra bites you!
* * * LOW HITPOINT WARNING * * *
The nine-headed hydra bites you but does no damage.
The nine-headed hydra bites you!
* * * LOW HITPOINT WARNING * * *
The nine-headed hydra bites you!
You die...

P..........### ##...P# ###
P........#..# ##...# #..
P.......##### ##..# ##.
.........# #### ## ......#.##
##### #......## #####.P.###
#.......### #.#P.....P### ##
..........#####..Yk.......## ##.
....#......#....@D#.#.#....####..
.....##..###......#.........##...
....#..### ##....##...#.#...###P.
...##### #..#..##...#...###.###
....# ##...########.......#.
...P# #..#.....##P....#...#D
...## ####........##.........#.
..## #P...#......###....#####.
..# #...#.......# ##.........


You could see a death yak, a nine-headed hydra and a rime drake.

Vanquished Creatures
  Gastronok (Lair:1)
  3 hydras
  A two-headed ogre (D:9)
  Erica (D:8)
  A queen ant (Lair:3)
  2 death yaks (Lair:6)
  Nergalle (Lair:1)
  An unseen horror (D:10)
  3 lindwurms (Lair:6)
  An ugly thing (D:10)
  A cyclops (D:7)
  12 elephants
  7 black mambas
  Psyche (D:8)
  A merfolk siren (Lair:4)
  10 spiny frogs
  6 komodo dragons
  2 rime drakes
  A queen bee (D:8)
  2 trolls (D:9)
  A meliai (D:10)
  A polar bear (Lair:5)
  A hornet (D:9)
  7 blink frogs
  8 hippogriffs
  A slime creature (Lair:5)
  Sigmund (D:4)
  17 yaks
  Eustachio (D:5)
  3 wyverns
  3 basilisks
  2 wargs (D:10)
  20 soldier ants (Lair:3)
  Duvessa (D:7)
  18 water moccasins
  9 porcupines
  4 orc warriors
  3 sky beasts
  2 ice beasts
  A black bear (D:9)
  3 phantoms
  A necrophage (D:5)
  8 ogres
  11 wolves
  12 crocodiles
  5 centaurs
  A big kobold (D:8)
  10 bullfrogs
  Dowan (D:7)
  A water moccasin zombie (D:9)
  11 killer bees (D:8)
  A scorpion (D:4)
  4 wights (D:9)
  6 crimson imps
  4 hounds
  4 jellies
  13 orc wizards
  4 centaur skeletons
  5 orc priests
  3 iguanas
  22 worker ants
  A hound zombie (D:5)
  3 hound skeletons
  4 gnolls (D:6)
  A howler monkey skeleton (D:10)
  23 adders
  A shadow imp (D:9)
  An ooze (D:3)
  An adder zombie (D:10)
  5 worms
  A dart slug (D:1)
  4 leopard geckos
  47 orcs
  8 giant cockroaches
  5 hobgoblins
  3 jackals (D:2)
  12 kobolds
  3 quokkas
  2 ball pythons
  7 bats
  7 frilled lizards
  A giant cockroach zombie (D:6)
  3 goblins
  6 rats
441 creatures vanquished.

Vanquished Creatures (collateral kills)
  5 hydras
  The ghost of Kidiri the Thaumaturge, a novice DEFE of Vehumet (D:8)
  3 elephants (Lair:6)
  A rime drake (Lair:1)
  A blink frog (Lair:5)
  2 dream sheep (Lair:6)
  5 yaks
  3 water moccasins
  3 crocodiles
  A bullfrog (Lair:4)
  A scorpion (D:9)
  2 killer bees (D:8)
  A crimson imp (D:8)
  2 worker ants (Lair:3)
  An orc (D:9)
32 creatures vanquished.

Vanquished Creatures (others)
  16 fungi
  5 plants (Lair:3)
  5 toadstools (D:1)
26 creatures vanquished.

Grand Total: 499 creatures vanquished

Notes
Turn   | Place    | Note
-------+----------+-------------------------------------------
     0 | D:1      | meatball the Troll Monk began the quest for the Orb.
     0 | D:1      | Reached XP level 1. HP: 22/22 MP: 0/0
   160 | D:1      | Reached XP level 2. HP: 26/29 MP: 1/1
   494 | D:2      | Found a radiant altar of Vehumet.
   518 | D:2      | Reached XP level 3. HP: 36/36 MP: 2/2
   766 | D:2      | Reached skill level 4 in Unarmed Combat
   879 | D:2      | Found a blossoming altar of Fedhas.
  1105 | D:3      | Reached XP level 4. HP: 38/44 MP: 3/3
  1171 | D:3      | Found a shimmering altar of Xom.
  1245 | D:3      | Found a snail-covered altar of Cheibriados.
  1256 | D:3      | Noticed a crocodile
  1340 | D:3      | Reached skill level 5 in Unarmed Combat
  1355 | D:3      | Reached XP level 5. HP: 17/50 MP: 4/4
  1451 | D:3      | Killed a crocodile
  1451 | D:3      | Reached skill level 6 in Unarmed Combat
  1638 | D:3      | Reached XP level 6. HP: 59/59 MP: 5/5
  2033 | D:4      | Reached skill level 7 in Unarmed Combat
  2099 | D:4      | Reached XP level 7. HP: 38/66 MP: 6/6
  2144 | D:4      | Reached skill level 8 in Unarmed Combat
  2423 | D:4      | Noticed Sigmund
  2434 | D:4      | Killed Sigmund
  2481 | D:4      | Found a staircase to the Ecumenical Temple.
  2496 | Temple   | Entered the Ecumenical Temple
  2547 | Temple   | Became a worshipper of Makhleb the Destroyer
  2547 | Temple   | Reached * piety under Makhleb
  2547 | Temple   | Reached ** piety under Makhleb
  2662 | D:4      | Found a deep blue altar of Sif Muna.
  2801 | D:5      | Entered Level 5 of the Dungeon
  2873 | D:5      | Noticed Eustachio
  2889 | D:5      | Reached XP level 8. HP: 43/78 MP: 7/7
  2892 | D:5      | Killed Eustachio
  2892 | D:5      | Reached skill level 5 in Fighting
  2996 | D:5      | Found a shadowy altar of Dithmenos.
  3667 | D:6      | Reached skill level 1 in Invocations
  3780 | D:6      | Found Quhumate's Distillery.
  3927 | D:6      | Found a shadowy altar of Dithmenos.
  4180 | D:6      | Reached skill level 5 in Invocations
  4313 | D:7      | Noticed a hippogriff
  4320 | D:7      | Killed a hippogriff
  4320 | D:7      | Reached skill level 1 in Evocations
  4320 | D:7      | Reached XP level 9. HP: 88/88 MP: 11/11
  4525 | D:7      | Found a shattered altar of Ashenzari.
  4668 | D:7      | Noticed a cyclops
  4682 | D:7      | Killed a cyclops
  4979 | D:7      | Noticed Duvessa
  4979 | D:7      | Noticed Dowan
  4988 | D:7      | Killed Duvessa
  4993 | D:7      | Killed Dowan
  5108 | D:8      | Reached *** piety under Makhleb
  5186 | D:8      | Found a shadowy altar of Dithmenos.
  5193 | D:8      | Noticed Erica
  5198 | D:8      | Killed Erica
  5198 | D:8      | Reached XP level 10. HP: 100/101 MP: 14/14
  5233 | D:8      | Noticed Kidiri's ghost (novice DEFE)
  5250 | D:8      | Killed Kidiri's ghost
  5278 | D:8      | Found a shadowy altar of Dithmenos.
  5327 | D:8      | Found Kote Eseoq's Magic Scroll Emporium.
  5375 | D:8      | Noticed Psyche
  5385 | D:8      | Killed Psyche
  5413 | D:8      | Reached skill level 5 in Dodging
  5980 | D:9      | Got a jewelled dagger
  6023 | D:9      | Reached skill level 9 in Unarmed Combat
  6046 | D:9      | Found Faxevupn's Distillery.
  6191 | D:9      | Noticed a two-headed ogre
  6200 | D:9      | Killed a two-headed ogre
  6214 | D:9      | Found a sparkling altar of Nemelex Xobeh.
  6226 | D:9      | Found a stormy altar of Qazlal.
  6262 | D:9      | Found a basalt altar of Yredelemnul.
  6273 | D:9      | Found a glowing silver altar of Zin.
  6426 | D:9      | Paralysed by a hornet for 1 turns
  6429 | D:9      | Reached XP level 11. HP: 64/108 MP: 16/16
  6470 | D:9      | Reached **** piety under Makhleb
  6650 | D:9      | Found a staircase to the Orcish Mines.
  6787 | D:10     | Entered Level 10 of the Dungeon
  6797 | D:10     | Found Cuila's Distillery.
  6800 | D:10     | Bought a potion of degeneration for 13 gold pieces
  6963 | D:10     | Found a staircase to the Lair.
  7544 | D:10     | Noticed an unseen horror
  7591 | D:10     | Killed an unseen horror
  7843 | D:10     | Noticed a green ugly thing
  7927 | D:10     | Killed a green ugly thing
  7927 | D:10     | Reached skill level 10 in Unarmed Combat
  8049 | D:10     | Upgraded the game from 0.21-a0-110-g8e1637b to 0.21-a0-113-g6841d05
  8204 | Lair:1   | Entered Level 1 of the Lair of Beasts
  8397 | Lair:1   | Noticed Nergalle
  8406 | Lair:1   | Killed Nergalle
  8577 | Lair:1   | Noticed Gastronok
  8609 | Lair:1   | Killed Gastronok
  8609 | Lair:1   | Reached skill level 11 in Unarmed Combat
  8609 | Lair:1   | Reached XP level 12. HP: 123/123 MP: 17/17
  8904 | Lair:1   | Reached ***** piety under Makhleb
  9196 | Lair:2   | Noticed a six-headed hydra
  9206 | Lair:2   | Killed a ten-headed hydra
  9206 | Lair:2   | Reached skill level 12 in Unarmed Combat
 10121 | Lair:3   | Reached skill level 10 in Invocations
 10299 | Lair:3   | Found a staircase to the Snake Pit.
 10599 | Lair:3   | Noticed a queen ant
 10619 | Lair:3   | Killed a queen ant
 10957 | Lair:3   | Noticed an eight-headed hydra
 10972 | Lair:3   | Killed a ten-headed hydra
 11269 | Lair:3   | Reached XP level 13. HP: 131/131 MP: 20/20
 11511 | Lair:4   | Found a staircase to the Shoals.
 12242 | Lair:5   | Reached skill level 13 in Unarmed Combat
 12262 | Lair:5   | Found a staircase to the Slime Pits.
 12950 | Lair:5   | Reached skill level 10 in Fighting
 13159 | Lair:6   | Entered Level 6 of the Lair of Beasts
 13174 | Lair:5   | Reached skill level 1 in Shields
 13778 | Lair:6   | Reached skill level 5 in Shields
 14230 | Lair:6   | Reached XP level 14. HP: 82/143 MP: 22/22
 14425 | Lair:6   | HP: 5/143 [nine-headed hydra (12)]
 14425 | Lair:6   | Slain by a nine-headed hydra

Vault maps used:
D:1:      ldierk_walled_garden
D:2:      fiery_altar_vehumet, minivault_4, fedhas_altar_fruit_tree
D:3:      cheibriados_altar_1, old_standard_altar
D:4:      led_sif_pool, minmay_temple_entry_fiery, uniq_sigmund
D:5:      first_bread, minmay_ruined_shrine, uniq_eustachio
D:6:      kennysheep_mini_moat, serial_shops, nicolae_shop_trees
D:7:      lemuel_round_altar, serial_curves, eino_curves_03, eino_curves_04,
          eino_curves_04, uniq_duvessa
D:8:      serial_shops, shop, basic_altar, david_nohive_1,
          minmay_tree_intersection, grunt_ministairs_10,
          grunt_dithmenos_shadows, uniq_psyche, uniq_erica
D:9:      nicolae_overflow_quartered_altars, orc_0_dummy,
          kennysheep_windowed_goal
D:10:     minmay_cornered_nines, erik_lair_orcish_takeover, serial_shops,
          kennysheep_mini
Temple:   nicolae_temple_x_marks_the_god
Lair:1:   infiniplex_staircase_pool_2, uniq_nergalle, uniq_gastronok
Lair:2:   serial_bayou_pond_d
Lair:3:   minmay_snake_entry_six_corridors, st_stairs_13, minivault_29
Lair:4:   minmay_shoals_entry_lonely_mermaid
Lair:5:   minmay_slime_entry_pillars
Lair:6:   hangedman_lair_in_review, wormcave

Skill      XL: |  1  2  3  4  5  6  7  8  9 10 11 12 13 |
---------------+----------------------------------------+-----
Unarmed Combat | 4 5 6 7 8 9 11 12 13 | 13.0
Fighting       | 4 6 7 9 10 | 10.0
Invocations    | 5 7 8 9 11 12 | 12.0
Evocations     | 1 3 |  3.2
Dodging        | 6 7 |  7.0
Shields        | 6 |  6.8
Stealth        | |  1.0

Action                   |  1- 3 |  4- 6 |  7- 9 | 10-12 | 13-15 || total
-------------------------+-------+-------+-------+-------+-------++-------
Melee: Unarmed           |    76 |   121 |   246 |   529 |   160 ||  1132
       Punch             |       |     6 |    11 |    22 |     2 ||    41
Invok: Minor Destruction |       |       |    27 |   282 |   210 ||   519
       Lesser Servant of |       |       |       |    11 |    15 ||    26
       Major Destruction |       |       |       |     3 |     1 ||     4
 Abil: Evoke Berserk Rag |       |       |     1 |     6 |     3 ||    10
  Use: Scroll            |       |     1 |     3 |    12 |     3 ||    19
       Potion            |       |       |     1 |     2 |       ||     3
 Stab: Sleeping          |     4 |     1 |     5 |     6 |       ||    16
       Distracted        |       |       |       |     3 |     3 ||     6
  Eat: Chunk             |    16 |     9 |    29 |    61 |    32 ||   147
Armor: Robe              |    12 |    33 |    47 |    89 |    22 ||   203
       Skin              |       |       |    16 |       |       ||    16
Dodge: Dodged            |    30 |    72 |    69 |   225 |    51 ||   447
Block: Large shield      |       |       |       |       |    99 ||    99
